 Dungeon Crawl Stone Soup version 0.29-a0-330-g52719c12eb (webtiles) character file.

Game seed: 15248330773185084878

198 kae the Firebug (level 5, -4/38 HPs)
             Began as a Demigod Fire Elementalist on May 19, 2022.
             Slain by Edmund
             ... wielding a +2 dire flail of protection
              (8 damage)
             ... on level 4 of the Dungeon.
             The game lasted 00:02:07 (3108 turns).

kae the Firebug (Demigod Fire Elementalist)         Turns: 3108, Time: 00:02:07

Health: -4/38      AC:  3    Str:  9    XL:     5   Next: 23%
Magic:  0/20       EV: 12    Int: 21    God:
Gold:   46         SH:  0    Dex: 14    Spells: 3/9 levels left

rFire   . . .      SeeInvis .   q - staff of conjuration
rCold   + . .      Faith    .   (no shield)
rNeg    . . .      Spirit   +   a - +0 robe
rPois   .          Reflect  .   (no helmet)
rElec   .          Harm     .   k - +0 cloak
rCorr   .          Rampage  .   (no gloves)
Will    .....                   (no boots)
Stlth   ++........              v - amulet of guardian spirit
HPRegen 0.12/turn               i - ring of magical power
MPRegen 0.17/turn               j - ring of protection from cold

@: no status effects
A: high MP 1, forlorn, divine attributes
a: no special abilities


You were on level 4 of the Dungeon.
You visited 1 branch of the dungeon, and saw 4 of its levels.

You collected 172 gold pieces.
You spent 126 gold pieces at shops.

Inventory:

Hand Weapons
 h - a +2 spectral quarterstaff
Armour
 a - a +0 robe (worn)
 k - a +0 cloak (worn)
Magical Staves
 q - a staff of conjuration (weapon)
Jewellery
 f - a ring of ice
 i - a ring of magical power (left hand)
 j - a ring of protection from cold (right hand)
 n - a ring of positive energy
 v - an amulet of guardian spirit (around neck)
Wands
 p - a wand of flame (10)
Scrolls
 e - 2 scrolls of brand weapon
 l - a scroll of fog
 s - 3 scrolls of magic mapping
Potions
 c - 2 potions of brilliance {unknown}
 d - a potion of curing
 g - 2 potions of heal wounds
 m - a potion of berserk rage {unknown}
 o - a potion of might {unknown}
 r - a potion of mutation {unknown}
 t - a potion of attraction {unknown}


   Skills:
 - Level 1.7 Dodging
 - Level 1.7 Stealth
 + Level 2.6 Spellcasting
 * Level 3.1 Conjurations
 * Level 4.1 Fire Magic


You had 3 spell levels left.
You knew the following spells:

 Your Spells              Type           Power      Damage    Failure   Level
a - Foxfire               Conj/Fire      100%       2x1d9     3%          1
b - Scorch                Fire           40%        2d7       3%          2
c - Conjure Flame         Conj/Fire      27%        6-21      10%         3

Your spell library contained the following spells:

 Spells                   Type           Power      Damage    Failure   Level
 Inner Flame              Hex/Fire       11%        N/A       19%         3
 Flame Wave               Conj/Fire      27%        2d7       30%         4


Dungeon Overview and Level Annotations

Branches:
Dungeon (4/15)
 Temple: D:4-7

Shops:
D:3 *?=[

Annotations:
D:4 Edmund


Innate Abilities, Weirdness & Mutations

You have an increased reservoir of magic. (+10% MP)
You shall have no god before yourself.
Your divine heritage dramatically boosts your attributes as you level up.


Message History

Flames lash Edmund.
Edmund is severely wounded.
Edmund's fire resistance burns away.
Edmund hits you with a +2 dire flail of protection!
Edmund hits you with a +2 dire flail of protection!
* * * LOW HITPOINT WARNING * * *
Casting: Scorch (safe; 3% risk of failure)
Confirm with . or Enter, or press ? or * to list all spells.
Flames lash Edmund.
Edmund is burned terribly!
Edmund is almost dead.
Edmund grinds his teeth, and then sighs.
Edmund hits you with a +2 dire flail of protection.
* * * LOW HITPOINT WARNING * * *
Edmund hits you with a +2 dire flail of protection.
* * * LOW HITPOINT WARNING * * *
Casting: Scorch (safe; 3% risk of failure)
Confirm with . or Enter, or press ? or * to list all spells.
You don't have enough magic to cast this spell.
You feel much better. Edmund misses you. Magic courses through your body.
Edmund hits you with a +2 dire flail of protection!
Casting: Scorch (safe; 3% risk of failure)
Confirm with . or Enter, or press ? or * to list all spells.
Flames lash Edmund.
Edmund is burned terribly!
Edmund is almost dead.
Edmund hits you with a +2 dire flail of protection!
* * * LOW HITPOINT WARNING * * *
Edmund hits you with a +2 dire flail of protection!
* * * LOW HITPOINT WARNING * * *
Casting: Scorch (safe; 3% risk of failure)
Confirm with . or Enter, or press ? or * to list all spells.
Flames lash Edmund but do no damage.
Edmund barely misses you.
Edmund hits you with a +2 dire flail of protection.
* * * LOW HITPOINT WARNING * * *
Casting: Scorch (safe; 3% risk of failure)
Confirm with . or Enter, or press ? or * to list all spells.
Flames lash Edmund.
Edmund is almost dead.
Edmund hits you with a +2 dire flail of protection!
You die...

..........≈≈≈≈.
....≈≈≈≈.......
....≈≈≈≈.≈≈≈≈≈.
....≈≈≈≈.≈≈≈≈≈.
#...)≈≈≈.≈≈≈≈≈.
....≈≈≈≈.≈≈≈≈≈.
.......@.......
#@.# #.......##
##.......
####.##.. #.
#.. ## #.. #..
#<.


You could see Edmund (combustible).

Vanquished Creatures
  An ogre (D:4)
  Robin (D:2)
  3 adders (D:3)
  3 orcs (D:3)
  2 ball pythons
  5 bats
  9 endoplasms
  5 giant cockroaches
  14 goblins
  8 hobgoblins
  2 quokkas (D:1)
  3 frilled lizards
  4 rats
60 creatures vanquished.

Vanquished Creatures (others)
  216 foxfires
216 creatures vanquished.

Grand Total: 276 creatures vanquished

Notes
Turn   | Place    | Note
-------+----------+-------------------------------------------
     0 | D:1      | kae the Demigod Fire Elementalist began the quest for the
                  | Orb.
     0 | D:1      | Reached XP level 1. HP: 14/14 MP: 5/5
   130 | D:1      | Reached skill level 1 in Conjurations
   644 | D:1      | Reached XP level 2. HP: 20/20 MP: 4/7
   648 | D:1      | Reached skill level 3 in Fire Magic
  1274 | D:2      | Learned a level 2 spell: Scorch
  1461 | D:2      | Noticed Robin
  1469 | D:2      | Reached XP level 3. HP: 24/26 MP: 8/8
  1477 | D:2      | Killed Robin
  2128 | D:2      | Learned a level 3 spell: Conjure Flame
  2434 | D:3      | Found Luschur's Assorted Antiques.
  2460 | D:3      | Found Culoteh's Magic Scroll Shoppe.
  2484 | D:3      | Bought 3 scrolls of magic mapping for 126 gold pieces
  2495 | D:3      | Reached XP level 4. HP: 33/33 MP: 10/10
  2640 | D:3      | Found Saatit's Armour Emporium.
  2781 | D:3      | Found Monlingu's Jewellery Shop.
  2874 | D:3      | Found Zyrcheara's Jewellery Shoppe.
  3079 | D:4      | Noticed an ogre
  3084 | D:4      | Killed an ogre
  3085 | D:4      | Reached skill level 4 in Fire Magic
  3085 | D:4      | Reached XP level 5. HP: 38/38 MP: 11/11
  3089 | D:4      | Noticed Edmund
  3108 | D:4      | Slain by Edmund

Illustrated notes

Levels and vault maps discovered:
D:1:      onia_arrival_mini_spirals, layout_loops_ring
D:2:      layout_loops_ring, chequers_ecumenical_altar_simple,
          minmay_heptomino_d4, uniq_robin
D:3:      layout_loops_ring, serial_shops, nicolae_shop_trees, shop,
          nicolae_square_shop, shop, shop
D:4:      layout_cave_pools, mainiacjoe_overflow_cross_hatched,
          lemuel_round_altar, minmay_temple_entry_metal_lava, minivault_14,
          minmay_misc_feat_encased, kennysheep_cross_room, uniq_blork_the_orc,
          uniq_edmund

Skill      XL: |  1  2  3  4 |
---------------+-------------+-----
Conjurations   | 1 2 3 |  3.1
Fire Magic     | 3 4 |  4.1
Spellcasting   | 2 |  2.6
Dodging        | |  1.7
Stealth        | |  1.7

Action                   |  1- 3 |  4- 6 || total
-------------------------+-------+-------++-------
Melee: Quarterstaff      |     5 |       ||     5
 Cast: Foxfire           |   104 |    23 ||   127
       Scorch            |       |    10 ||    10
  Use: Scroll            |     5 |     2 ||     7
       Potion            |       |     2 ||     2
Armor: Robe              |     9 |       ||     9
Dodge: Dodged            |    22 |     2 ||    24

Table legend: (Time is in decaauts)
 A = Elapsed time spent in this place.
 B = Non-inter-level travel time spent in this place.
 C = Inter-level travel time spent in this place.
 D = Time resting spent in this place.
 E = Time spent auto-exploring this place.
 F = Levels seen in this place.
 G = Mean time per level.
                   A        B        C        D        E       F      G
               +--------+--------+--------+--------+--------+-----+--------+
         Total |   3106 |   3029 |     77 |      0 |   2575 |   4 |  776.5 |
       Dungeon |   3106 |   3029 |     77 |      0 |   2575 |   4 |  776.5 |
               +--------+--------+--------+--------+--------+-----+--------+

Top non-repeatable levels by time:
     D:2: 1186 daAuts
     D:1: 1117 daAuts
     D:3: 774 daAuts
     D:4: 28 daAuts
